 Dungeon Sprint DCSS version 0.21.1-1-g345015f (webtiles) character file.

483 wilfster70 the Fighter (level 7, -3/51 HPs)
             Began as a Gargoyle Monk on June 15, 2018.
             Was a Believer of Okawaru.
             Slain by a jumping spider (7 damage)
             ... in the Dungeon (Sprint V: "Ziggurat Sprint").
             The game lasted 00:03:14 (164 turns).

wilfster70 the Fighter (Gargoyle Monk)               Turns: 164, Time: 00:03:15

Health: -3/51      AC: 24    Str: 28    XL:     7   Next: 12%
Magic:  7/11       EV: 10    Int: 11    God:    Okawaru [**....]
Gold:   0          SH:  0    Dex: 12    Spells: 6/6 levels left

rFire    + . .     SeeInvis .   j - +5 battleaxe
rCold    + . .     Gourm    .   (shield currently unavailable)
rNeg     + . .     Faith    .   G - +5 gold dragon scales
rPois    ∞         Spirit   .   (no helmet)
rElec    +         Reflect  .   (no cloak)
rCorr    .         Harm     .   (no gloves)
MR       .....     NoTele   +   (no boots)
Stlth    ..........             (no amulet)
HPRegen  0.17/turn              E - +6 ring of strength
MPRegen  0.12/turn              F - +6 ring of strength

@: heroism
A: negative energy resistance 1, electricity resistance, unbreathing,
petrification resistance, rot immunity, AC +4
a: Heroism, Renounce Religion


You were in the Dungeon.
You worshipped Okawaru.
Okawaru was pleased with you.
You were not hungry.

You visited 1 branch

Inventory:

Hand Weapons
 j - a +5 battleaxe (weapon)
 k - a +5 executioner's axe
Armour
 b - a +0 robe
 G - +5 gold dragon scales (worn)
Jewellery
 A - a +6 ring of dexterity
 B - a +6 ring of dexterity
 C - a +6 ring of intelligence
 D - a +6 ring of intelligence
 E - a +6 ring of strength (left hand)
 F - a +6 ring of strength (right hand)
Wands
 x - a wand of disintegration (7)
 y - a wand of iceblast (7)
 z - a wand of acid (7)
Scrolls
 i - 4 scrolls of blinking
 l - 4 scrolls of amnesia
 m - 7 scrolls of fog
 n - a scroll of holy word
 o - 5 scrolls of identify
 p - 5 scrolls of remove curse
 q - 2 scrolls of fear
Potions
 d - 10 potions of curing
 e - 10 potions of heal wounds
 f - 6 potions of haste
 g - 7 potions of magic
 h - 3 potions of berserk rage
 r - 2 potions of brilliance
 s - 2 potions of invisibility
 t - 4 potions of resistance
 v - 5 potions of agility
 w - 5 potions of might
Books
 a - a book of Burglary

   Spells                             Type                      Level
   a - Swiftness                      Charms/Air                   2
   b - Passwall                       Transmutation/Earth          2
   c - Passage of Golubria            Translocation                4
   d - Lee's Rapid Deconstruction     Earth                        5
   e - Darkness                       Hexes                        6
   f - Invisibility                   Hexes                        6
 I - a book of Flames

   Spells                             Type                      Level
   a - Flame Tongue                   Conjuration/Fire             1
   b - Throw Flame                    Conjuration/Fire             2
   c - Conjure Flame                  Conjuration/Fire             3
   d - Inner Flame                    Hexes/Fire                   3
   e - Sticky Flame                   Conjuration/Fire             4
   f - Fireball                       Conjuration/Fire             5
Miscellaneous
 u - a sack of spiders
Comestibles
 c - 7 rations
 H - 3 chunks of flesh


   Skills:
 + Level 9.3(14.3) Fighting
 + Level 7.7(12.7) Axes
 + Level 7.0(12.0) Dodging
 - Level 3.4(8.4) Stealth
 + Level 6.6 Invocations


You had 6 spell levels left.
You didn't know any spells.

Dungeon Overview and Level Annotations

Branches:
Dungeon (1/1)

Altars:
Ashenzari
Cheibriados
Dithmenos
Elyvilon
Fedhas
Gozag
Hepliaklqana
Kikubaaqudgha
Makhleb
Nemelex Xobeh
Okawaru
Qazlal
Ru
Sif Muna
Trog
Uskayaw
Vehumet
Wu Jian
Xom
Yredelemnul
Zin
The Shining One
Beogh
Jiyva
Lugonu

Annotations:
D 1 transporter


Innate Abilities, Weirdness & Mutations

You are resistant to torment.
Your stone body is resilient. (AC +4)
You are immune to poison.
You resist negative energy. (rN+)
You are resistant to electric shocks. (rElec)
You can survive without breathing.
You are immune to petrification.
You are immune to rotting.


Message History

The jumping spider is almost dead.
The jumping spider pounces on you.
* * * LOW HITPOINT WARNING * * *
You are caught in a web!
The jumping spider bites you but does no damage.
The jumping spider leaps!
You gain the combat prowess of a mighty hero.
The web tears apart.
The jumping spider pounces on you.
* * * LOW HITPOINT WARNING * * *
The jumping spider bites you but does no damage.
You hit the jumping spider but do no damage.
The jumping spider is severely wounded.
The jumping spider pounces on you but does no damage.
The jumping spider bites you but does no damage.
The jumping spider leaps!
The jumping spider leaps!
You closely miss the jumping spider.
The jumping spider is severely wounded.
The jumping spider pounces on you!
You die...

▓▓▓▓▓▓▓▓▓▓▓▓▓▓▓▓▓▓▓
▓.8©8.▓.8©8.▓.8©8.▓
▓.}||.▓.[...▓.....▓
▓..|..▓..=..▓.....▓
▓...§.▓.....▓.....▓
▓..@..▓.....▓.....▓
▓.s†..▓..†..▓..©..▓
▓..©..▓..©..▓▓▓▓▓▓▓
▓▓▓▓▓▓▓▓▓▓▓▓▓


You could see a jumping spider.

Vanquished Creatures
  A jumping spider (D)
  A water moccasin (D)
  2 scorpions (D)
  An iron imp (D)
  2 adders (D)
  An ufetubus (D)
8 creatures vanquished.

Notes
Turn   | Place    | Note
-------+----------+-------------------------------------------
     0 | D        | Found the +6 Majin-Bo {vamp, Archmagi MP+6 Int+6}
     0 | D        | Found the +7 great mace "Firestarter" {inner flame, rF++}
     0 | D        | wilfster70 the Gargoyle Monk began the quest for the Orb.
     0 | D        | Reached XP level 1. HP: 14/14 MP: 1/1
     0 | D        | Found a blossoming altar of Fedhas.
     1 | D        | Found a transporter.
     1 | D        | Found a viscous altar of Jiyva.
     1 | D        | Found an ancient bone altar of Kikubaaqudgha.
     1 | D        | Found a hazy altar of Hepliaklqana.
     1 | D        | Found a corrupted altar of Lugonu.
     1 | D        | Found an opulent altar of Gozag.
     1 | D        | Found a burning altar of Makhleb.
     7 | D        | Found a stormy altar of Qazlal.
     7 | D        | Found a sacrificial altar of Ru.
     7 | D        | Found an iron altar of Okawaru.
     7 | D        | Found a deep blue altar of Sif Muna.
     7 | D        | Found a sparkling altar of Nemelex Xobeh.
     7 | D        | Found a bloodstained altar of Trog.
    46 | D        | Reached skill level 5 in Fighting
    46 | D        | Reached XP level 2. HP: 22/22 MP: 2/2
    63 | D        | Became a worshipper of Warmaster Okawaru
    63 | D        | Reached * piety under Okawaru
    63 | D        | Reached ** piety under Okawaru
    67 | D        | Found the +6 shillelagh "Devastator" {shatter}
    67 | D        | Found the +11 plutonium sword {*Contam Stlth-}
    67 | D        | Found the +8 lance "Wyrmbane" {slay drac, rPois rF+ rC+ AC+3}
    67 | D        | Found the +9 sword of Zonguldrok {reap}
    67 | D        | Found the cursed +13 scythe of Curses {drain, *Curse}
    67 | D        | Found the +0 sword of Power
    67 | D        | Found the +13 mace of Variability {chaos}
    67 | D        | Found the +7 Singing Sword
    67 | D        | Found the +7 longbow "Piercer" {penet, EV-2}
    71 | D        | Entered arena 2.
    71 | D        | Found a transporter.
    73 | D        | Reached skill level 6 in Fighting
    73 | D        | Reached skill level 5 in Axes
    73 | D        | Reached XP level 3. HP: 27/27 MP: 3/3
    84 | D        | Entered arena 3.
    84 | D        | Noticed a water moccasin
    84 | D        | Found a transporter.
    87 | D        | Reached skill level 1 in Invocations
    87 | D        | Reached XP level 4. HP: 32/32 MP: 4/4
    91 | D        | Killed a water moccasin
    91 | D        | Reached skill level 7 in Fighting
    91 | D        | Reached skill level 5 in Dodging
    91 | D        | Reached XP level 5. HP: 32/38 MP: 4/7
   103 | D        | Got the ring "Xomis" {Fire *Drain +Blink +Fly}
   143 | D        | Entered arena 4.
   143 | D        | Noticed a jumping spider
   143 | D        | Noticed a jumping spider
   143 | D        | Found a transporter.
   149 | D        | Reached skill level 8 in Fighting
   149 | D        | Reached skill level 5 in Invocations
   149 | D        | Reached XP level 6. HP: 44/44 MP: 7/9
   156 | D        | Killed a jumping spider
   156 | D        | Reached skill level 9 in Fighting
   156 | D        | Reached XP level 7. HP: 12/51 MP: 8/11
   164 | D        | Slain by a jumping spider

Skill      XL: |  1  2  3  4  5  6 |
---------------+-------------------+-----
Fighting       | 5 6 7 8 9 |  9.3
Axes           | 4 5 6 7 |  7.7
Dodging        | 4 5 6 7 |  7.0
Stealth        | 3 |  3.4
Invocations    | 1 3 5 6 |  6.6

Action                   |  1- 3 |  4- 6 |  7- 9 || total
-------------------------+-------+-------+-------++-------
Melee: Battleaxe         |     4 |    12 |     5 ||    21
Invok: Heroism           |       |       |     1 ||     1
  Use: Potion            |     1 |       |       ||     1
Armor: Gold dragon scale |     8 |    39 |    14 ||    61
Dodge: Dodged            |     3 |     8 |     1 ||    12
